 Dungeon Sprint DCSS version 0.27-a0-109-g416527ed24 (webtiles) character file.

Game seed: 16912945435508909725

1479 mhtbhm the Grappler (level 8, -2/81 HPs)
             Began as a Troll Transmuter on Jan 24, 2021.
             Was a Believer of Sif Muna.
             Slain by a nine-headed hydra (8 damage)
             ... in the Dungeon (Sprint IX: "|||||||||||||||||||||||||||||").
             The game lasted 00:02:12 (462 turns).

mhtbhm the Grappler (Troll Transmuter)               Turns: 462, Time: 00:02:12

Health: -2/81      AC:  7    Str: 21    XL:     8   Next: 50%
Magic:  9/15       EV: 12    Int:  9    God:    Sif Muna [**....]
Gold:   0          SH:  0    Dex: 13    Spells: 7/17 levels left

rFire    x . .     SeeInvis .     - Unarmed
rCold    + + +     Faith    .   (shield currently unavailable)
rNeg     . . .     Spirit   .   (armour currently unavailable)
rPois    +         Reflect  .   (helmet currently unavailable)
rElec    .         Harm     .   (cloak currently unavailable)
rCorr    .         Rampage  .   (gloves unavailable)
Will     .....     NoTele   +   (boots unavailable)
Stlth    +.........             (no amulet)
HPRegen  0.63/turn              l - +3 ring of dexterity
MPRegen  0.14/turn              m - +2 ring of protection

@: ice-form, very slightly contaminated
A: large, unfitting armour, regeneration 1
a: End Transformation, Renounce Religion, Channel Magic


You were in the Dungeon.
You worshipped Sif Muna.
Sif Muna was pleased with you.
You were a creature of crystalline ice.
You visited 1 branch

Inventory:

Armour
 a - a +0 robe (melded)
 k - a +0 cloak (melded)
Jewellery
 l - a +3 ring of dexterity (left front paw)
 m - a +2 ring of protection (right front paw)
Scrolls
 g - 3 scrolls of remove curse
 h - a scroll of blinking
 i - 2 scrolls of amnesia
Potions
 c - 5 potions of curing
 d - a potion of heal wounds
 f - 4 potions of magic


   Skills:
 + Level 0.7 Fighting
 + Level 5.4 Dodging
 + Level 13.5 Unarmed Combat
 + Level 5.4 Spellcasting
 + Level 5.9 Transmutations
 + Level 2.7 Evocations


You had 7 spell levels left.
You knew the following spells:

 Your Spells              Type           Power        Failure   Level
a - Beastly Appendage     Tmut           26%          1%          1
b - Wereblood             Tmut           13%          3%          2
c - Spider Form           Tmut/Pois      3%           22%         3
d - Ice Form              Ice/Tmut       7%           56%         4

Your spell library contained the following spells:

 Spells                   Type           Power        Failure   Level
 Blade Hands              Tmut           6%           50%         5


Dungeon Overview and Level Annotations

Branches:
Dungeon (1/1)

Altars:
Cheibriados
Dithmenos
Elyvilon
Fedhas
Gozag
Hepliaklqana
Kikubaaqudgha
Makhleb
Nemelex Xobeh
Okawaru
Qazlal
Ru
Sif Muna
Trog
Uskayaw
Vehumet
Wu Jian
Xom
Yredelemnul
Zin
The Shining One
Beogh
Jiyva
Lugonu


Innate Abilities, Weirdness & Mutations

You are too large for most types of armour.
((You have claws for hands.))
Your natural rate of healing is unusually fast.
((You are covered in fur. (AC +1)))
((You have extremely tough skin. (AC +3)))


Message History

The nine-headed hydra barely misses you.
The nine-headed hydra misses you. The nine-headed hydra bites you.
The nine-headed hydra bites you but does no damage.
The nine-headed hydra bites you.
The nine-headed hydra bites you but does no damage.
You pummel the nine-headed hydra!! You freeze the nine-headed hydra.
The nine-headed hydra is moderately wounded.
The nine-headed hydra barely misses you.
The nine-headed hydra misses you. The nine-headed hydra bites you! x3
* * * LOW HITPOINT WARNING * * *
The nine-headed hydra bites you!
* * * LOW HITPOINT WARNING * * *
The nine-headed hydra barely misses you.
The nine-headed hydra bites you but does no damage.
The nine-headed hydra completely misses you.
You hit the nine-headed hydra. You freeze the nine-headed hydra.
The nine-headed hydra is heavily wounded.
The nine-headed hydra closely misses you.
The nine-headed hydra bites you!
You die... ▓▓▓▓▓▓▓▓▓▓▓▓▓▓▓▓▓▓▓▓▓▓▓▓▓▓▓▓▓▓▓▓▓ .Y.†)'..[.[.)YTDY________________ ▓▓▓▓▓▓▓▓▓▓▓▓▓▓▓▓▓▓▓▓▓▓▓▓▓▓▓▓▓▓▓▓▓

You could see a nine-headed hydra, a yak and a troll.

Vanquished Creatures
  A hydra (D)
  An unseen horror (D)
  An ogre (D)
  A jelly (D)
  An orc wizard (D)
  3 worker ants (D)
  An adder (D)
  An adder skeleton (D)
  A leopard gecko (D)
  An orc (D)
  A bat zombie (D)
  A goblin (D)
  A hobgoblin (D)
  A quokka (D)
  A giant cockroach zombie (D)
  A kobold (D)
  A rat (D)
19 creatures vanquished.

Notes
Turn   | Place    | Note
-------+----------+-------------------------------------------
     0 | D        | mhtbhm the Troll Transmuter began the quest for the Orb.
     0 | D        | Reached XP level 1. HP: 18/18 MP: 1/1
    15 | D        | Reached skill level 4 in Unarmed Combat
   234 | D        | Noticed an ogre
   234 | D        | Noticed a jelly
   234 | D        | Noticed an orc wizard
   234 | D        | Noticed a worker ant
   236 | D        | Killed a worker ant
   237 | D        | Reached skill level 5 in Unarmed Combat
   237 | D        | Reached XP level 2. HP: 26/26 MP: 2/4
   237 | D        | Reached XP level 3. HP: 32/32 MP: 2/5
   240 | D        | Reached skill level 6 in Unarmed Combat
   242 | D        | Reached XP level 4. HP: 40/40 MP: 2/6
   244 | D        | Killed an ogre
   245 | D        | Reached skill level 8 in Unarmed Combat
   245 | D        | Reached XP level 5. HP: 43/46 MP: 2/8
   287 | D        | Found a roughly hewn altar of Beogh.
   287 | D        | Found a snail-covered altar of Cheibriados.
   287 | D        | Found a shadowy altar of Dithmenos.
   287 | D        | Found a white marble altar of Elyvilon.
   287 | D        | Found a blossoming altar of Fedhas.
   287 | D        | Found an opulent altar of Gozag.
   288 | D        | Found a hazy altar of Hepliaklqana.
   289 | D        | Found a viscous altar of Jiyva.
   290 | D        | Found an ancient bone altar of Kikubaaqudgha.
   291 | D        | Found a corrupted altar of Lugonu.
   292 | D        | Found a burning altar of Makhleb.
   293 | D        | Found a sparkling altar of Nemelex Xobeh.
   294 | D        | Found an iron altar of Okawaru.
   295 | D        | Found a stormy altar of Qazlal.
   296 | D        | Found a sacrificial altar of Ru.
   297 | D        | Found a shimmering blue altar of Sif Muna.
   300 | D        | Found a bloodstained altar of Trog.
   301 | D        | Found a hide-covered altar of Uskayaw.
   308 | D        | Found a radiant altar of Vehumet.
   309 | D        | Found an ornate altar of the Wu Jian Council.
   310 | D        | Found a shimmering altar of Xom.
   311 | D        | Found a basalt altar of Yredelemnul.
   312 | D        | Found a glowing silver altar of Zin.
   313 | D        | Became a worshipper of Sif Muna the Loreminder
   314 | D        | Found a glowing golden altar of the Shining One.
   342 | D        | Learned a level 2 spell: Wereblood
   346 | D        | Learned a level 3 spell: Spider Form
   351 | D        | Learned a level 4 spell: Ice Form
   367 | D        | Reached skill level 9 in Unarmed Combat
   367 | D        | Reached * piety under Sif Muna
   372 | D        | Reached ** piety under Sif Muna
   379 | D        | Noticed a yak
   379 | D        | Noticed a five-headed hydra
   379 | D        | Noticed a troll
   379 | D        | Noticed a four-headed hydra
   399 | D        | Killed a four-headed hydra
   399 | D        | Killed an unseen horror
   400 | D        | Reached skill level 5 in Dodging
   400 | D        | Reached skill level 13 in Unarmed Combat
   400 | D        | Reached skill level 5 in Spellcasting
   400 | D        | Reached skill level 5 in Transmutations
   400 | D        | Reached XP level 6. HP: 47/54 MP: 8/13
   400 | D        | Reached XP level 7. HP: 54/61 MP: 8/14
   400 | D        | Reached XP level 8. HP: 60/68 MP: 8/15
   462 | D        | Slain by a nine-headed hydra

Illustrated notes

Levels and vault maps discovered:
D:        linesprint [early_d, line_temple, items_1, d_10, items_2, lair_1,
          lair_end, items_3, orc_1, orc_end, items_4, d_15, swamp_1, shoals_1,
          snake_1, spider_1, d_20, vaults_1, items_5, swamp_end, shoals_end,
          snake_end, spider_end, vaults_end, d_27, items_6, zot_1, zot_end,
          crypt_end, forest_end, elf_end, slime_end, tomb_end, abyss_end,
          pan_hell_end]

Skill      XL: |  1  2  3  4  5 |
---------------+----------------+-----
Unarmed Combat | 5 6 8 13 | 13.5
Dodging        | 2 3 5 |  5.4
Spellcasting   | 2 3 5 |  5.4
Transmutations | 2 3 5 |  5.9
Evocations     | 2 |  2.7
Fighting       | |  0.7

Action                   |  1- 3 |  4- 6 |  7- 9 || total
-------------------------+-------+-------+-------++-------
Melee: Unarmed           |    14 |    16 |     8 ||    38
       Punch             |     1 |     1 |       ||     2
       Kick              |       |     5 |       ||     5
       Headbutt          |       |     2 |       ||     2
 Cast: Beastly Appendage |     2 |     2 |       ||     4
       Wereblood         |       |     1 |     1 ||     2
       Ice Form          |       |       |     1 ||     1
Evoke: Wand              |       |     7 |     3 ||    10
  Use: Potion            |     1 |     2 |     2 ||     5
       Scroll            |       |     1 |       ||     1
Armor: Robe              |     1 |     3 |     5 ||     9
       Skin              |       |       |     3 ||     3
Dodge: Dodged            |     5 |     8 |    18 ||    31

Table legend: (Time is in decaauts)
 A = Elapsed time spent in this place.
 B = Non-inter-level travel time spent in this place.
 C = Inter-level travel time spent in this place.
 D = Time resting spent in this place.
 E = Time spent auto-exploring this place.
 F = Levels seen in this place.
 G = Mean time per level.
                   A        B        C        D        E       F      G
               +--------+--------+--------+--------+--------+-----+--------+
         Total |    447 |    447 |      0 |    283 |      0 |   1 |  447.0 |
       Dungeon |    447 |    447 |      0 |    283 |      0 |   1 |  447.0 |
               +--------+--------+--------+--------+--------+-----+--------+

Top non-repeatable levels by time:
       D: 447 daAuts
